 Dungeon Crawl Stone Soup version 0.22-a0-538-g76cc104 (webtiles) character file.

35 Darkshadow the Cutter (level 3, 0/24 HPs)
             Began as a Halfling Warper on June 23, 2018.
             Slain by a jackal (1 damage)
             ... on level 2 of the Dungeon.
             The game lasted 00:05:07 (1305 turns).

Darkshadow the Cutter (Halfling Warper)             Turns: 1305, Time: 00:05:08

Health: 0/24       AC:  3    Str: 13    XL:     3   Next: 52%
Magic:  5/5        EV: 14    Int: 11    God:
Gold:   40         SH:  0    Dex: 13    Spells: 1/5 levels left

rFire    . . .     SeeInvis .   a - +0 short sword
rCold    . . .     Gourm    .   (shield restricted)
rNeg     . . .     Faith    .   b - +0 leather armour
rPois    .         Spirit   .   (no helmet)
rElec    .         Reflect  .   (no cloak)
rCorr    .         Harm     .   (no gloves)
MR       .....                  (no boots)
Stlth    +.........             (no amulet)
HPRegen  0.08/turn              (no ring)
MPRegen  0.09/turn              (no ring)

@: no status effects
A: small, mutation resistance 1
a: no special abilities


You were on level 2 of the Dungeon.
You were not hungry.

You visited 1 branch of the dungeon, and saw 2 of its levels.

You collected 40 gold pieces.

Inventory:

Hand Weapons
 a - a +0 short sword (weapon)
Missiles
 c - 13 poisoned needles
 e - 5 tomahawks of dispersal (quivered)
Armour
 b - a +0 leather armour (worn)
Jewellery
 g - an uncursed ring of stealth {unknown}
Scrolls
 d - a scroll of blinking
 l - a scroll of teleportation {unknown}
 m - a scroll of remove curse {unknown}
 n - a scroll of fear {unknown}
Potions
 h - a potion of berserk rage {unknown}
 i - a potion of degeneration {unknown}
 j - a potion of curing {unknown}
 k - a potion of might {unknown}
Comestibles
 f - 5 rations


   Skills:
 + Level 2.2 Fighting
 * Level 3.6 Short Blades
 - Level 1.0 Throwing
 - Level 1.1 Armour
 + Level 2.7 Dodging
 - Level 1.5 Spellcasting
 - Level 3.2 Translocations


You had one spell level left.
You knew the following spells:

 Your Spells              Type           Power        Failure   Level  Hunger
a - Blink                 Tloc           N/A          16%         2    ###....
b - Shroud of Golubria    Chrm/Tloc      #.........   30%         2    ###....

Your spell library contained the following spells:

 Spells                   Type           Power        Failure   Level  Hunger
 Teleport Other           Tloc           #.......     30%         3    ####...
 Passage of Golubria      Tloc           N/A          69%         4    #####..
 Gell's Gravitas          Tloc           #.........   30%         3    ####...
 Lesser Beckoning         Tloc           #.........   30%         3    ####...


Dungeon Overview and Level Annotations

Branches:
Dungeon (2/15)

Altars:


Innate Abilities, Weirdness & Mutations

You are small and have problems with some larger weapons.
You are somewhat resistant to further mutation.


Message History

The jackal is heavily wounded.
The jackal closely misses you.
You closely miss the jackal.
The jackal is heavily wounded.
The jackal bites you but does no damage.
The jackal completely misses you.
You hit the jackal.
The jackal is almost dead.
The jackal bites you.
* * * LOW HITPOINT WARNING * * *
The jackal closely misses you. The jackal barely misses you.
The jackal bites you.
* * * LOW HITPOINT WARNING * * *
The jackal misses you.
There is an escape hatch in the floor here.
You miss the jackal.
The jackal is severely wounded.
The jackal bites you but does no damage.
The jackal bites you.
You die...

#......h.h#
#.........#
#.$.......#
.....##.........#
.....+..........#
.....#######'####
.....# #......#
.....# #.....h####
.....# #.....h@..#
.....#####.........#
...................#
####.#######.......#
#.# #.......# ####.#
#.......# ..##.#
######### #.##.#
#.##.########


You could see 2 jackals.

Vanquished Creatures
  An adder (D:2)
  A worm (D:2)
  A bat (D:2)
  6 hobgoblins
  2 jackals (D:2)
  A kobold (D:1)
  5 frilled lizards
  2 goblins (D:1)
  3 rats
22 creatures vanquished.

Notes
Turn   | Place    | Note
-------+----------+-------------------------------------------
     0 | D:1      | Darkshadow the Halfling Warper began the quest for the Orb.
     0 | D:1      | Reached XP level 1. HP: 14/14 MP: 3/3
   164 | D:1      | Reached XP level 2. HP: 19/19 MP: 4/4
   170 | D:1      | Learned a level 2 spell: Blink
   173 | D:1      | Learned a level 2 spell: Shroud of Golubria
   985 | D:2      | Reached XP level 3. HP: 14/24 MP: 5/5
  1303 | D:2      | HP: 1/24 [jackal (1)]
  1305 | D:2      | Slain by a jackal

Vault maps used:
D:1:      sevenhm_arrival_forest_fort_large_2, kennysheep_nondescript,
          minmay_pentomino_w2

Skill      XL: |  1  2 |
---------------+-------+-----
Fighting       | 2 |  2.2
Short Blades   | 3 |  3.6
Throwing       | |  1.0
Armour         | |  1.1
Dodging        | |  2.7
Spellcasting   | |  1.5
Translocations | |  3.2

Action                   || total
-------------------------++-------
Melee: Short sword       ||    92
  Eat: Chunk             ||     1
Armor: Leather armour    ||    13
Dodge: Dodged            ||    54

Table legend:
 A = Spawn XP
 B = Non-spawn XP
 C = Spawn XP percentage of total XP
 D = Spawn monster count
 E = Non-spawn monster count
 F = Spawn count percentage of total count
 G = Total turns spent on level
                    A         B        C        D         E        F      G
               +---------+---------+-------+---------+---------+-------+---------
         Total |       0 |      50 |   0.0 |       0 |      22 |   0.0 |  1305
               +---------+---------+-------+---------+---------+-------+---------
           D:1 |       0 |      21 |   0.0 |       0 |      14 |   0.0 |   944
           D:2 |       0 |      29 |   0.0 |       0 |       8 |   0.0 |   361
               +---------+---------+-------+---------+---------+-------+---------
